Map: Frost LE

Players

MixxMastaJrT

  • Race: Zerg Zerg
  • League: Diamond

llllllllllll - Winner!

  • Race: Protoss Protoss
  • League: Diamond

VOD

Have the link to the VOD?

Description

Time

  • Played on: Oct. 17, 2016, 1:01 a.m.
  • Length: 17:57
Show
View Real Time Build Order
Export as new Build Order

MixxMastaJrT Zerg 

Build Orders: 3 Hatch before Pool 

Get SALT Encoding   

  12  0:00  Drone  
  13  0:07  Drone  
  14  0:19  Overlord  
  14  0:31  Drone, Extractor  
  14  0:32  Drone, Extractor  
  16  0:48  Drone  
  17  0:59  Hatchery  
  17  1:00  Drone  
  17  1:16  Drone  
  18  1:25  Drone  
  19  1:30  Hatchery  
  18  1:38  Spawning Pool  
  17  1:54  Drone  
  18  2:02  Drone x2  
  20  2:13  Drone  
  20  2:14  Drone  
  22  2:22  Drone x2  
  24  2:25  Queen x2  
  28  2:42  Drone x4  
  32  2:44  Queen  
  32  2:49  Overlord  
  34  2:56  Extractor x2  
  32  3:00  Drone x2  
  32  3:01  Overlord  
  34  3:07  Queen  
  36  3:17  Zergling x2  
  37  3:21  Zergling x2  
  37  3:23  Zergling x2  
  37  3:25  Drone x3  
  37  3:26  Drone  
  43  3:31  Drone x2  
  43  3:32  Drone  
  46  3:36  Queen  
  46  3:38  Overlord  
  48  3:45  Queen  
  48  3:47  Overlord  
  50  4:09  Metabolic Boost  
  50  4:12  Drone  
  50  4:13  Drone x10  
  61  4:29  Drone x5  
  66  4:47  Lair  
  66  4:56  Hatchery  
  66  4:58  Overlord  
  66  4:59  Overlord x2  
  65  5:03  Extractor  
  65  5:04  Extractor  
  65  5:05  Extractor  
  65  5:06  Drone x4, Extractor  
  65  5:07  Drone  
  66  5:18  Hatchery  
  66  5:19  Zergling x2, Baneling Nest  
  66  5:20  Zergling x20  
  75  5:21  Evolution Chamber  
  75  5:23  Evolution Chamber  
  73  5:36  Zergling x2  
  73  5:37  Zergling x12  
  70  6:21  Zergling x8  
  70  6:22  Zergling x12  
  80  6:37  Hydralisk Den  
  80  6:38  Zerg Missile Weapons Level 1, Zerg Ground Armor Level 1  
  79  6:43  Drone  
  79  6:44  Drone x7  
  87  6:51  Baneling x4  
  87  6:52  Baneling x12  
  87  6:54  Overlord  
  87  6:55  Overlord x2  
  83  7:16  Hatchery  
  72  7:35  Zergling x2  
  72  7:36  Zergling x28  
  72  7:37  Zergling x4  
  77  7:48  Overlord x2  
  77  7:50  Spire  
  77  7:51  Spore Crawler  
  74  7:52  Spore Crawler x2  
  74  7:54  Spore Crawler  
  64  8:04  Lair  
  64  8:07  Infestation Pit  
  64  8:08  Zergling x18  
  72  8:13  Baneling  
  72  8:14  Baneling x8  
  72  8:16  Zergling x2  
  72  8:17  Zergling x2  
  74  8:30  Hatchery  
  55  8:51  Drone x3  
  55  8:55  Spore Crawler x3  
  56  8:56  Spore Crawler  
  56  9:01  Drone x3  
  56  9:02  Drone x3  
  60  9:11  Corruptor  
  60  9:12  Corruptor x3  
  68  9:22  Spore Crawler  
  68  9:23  Spore Crawler  
  68  9:24  Spore Crawler  
  65  9:25  Corruptor x2  
  70  9:34  Queen  
  67  9:46  Corruptor x3  
  66  10:02  Corruptor x3  
  69  10:18  Corruptor  
  71  10:34  Mutalisk  
  71  10:35  Mutalisk x6  
  85  10:49  Hatchery  
  64  11:26  Mutalisk x2  
  64  11:27  Mutalisk x5  
  76  11:51  Mutalisk x3  
  82  11:57  Drone x2  
  82  11:58  Drone x3  
  87  12:02  Overseer  
  65  12:31  Drone  
  66  12:37  Mutalisk x3  
  66  12:38  Mutalisk  
  66  12:41  Zerg Flyer Weapons Level 1  
  74  12:50  Hive  
  74  12:57  Drone x5  
  79  13:17  Corruptor x2  
  75  13:47  Corruptor x2  
  75  13:48  Corruptor  
  43  14:19  Viper  
  43  14:20  Viper x2  
  48  14:42  Zergling x2  
  48  14:43  Zergling x2  
  50  14:53  Corruptor x2, Viper  
  50  14:54  Mutalisk  
  57  15:12  Mutalisk x2  
  53  15:32  Mutalisk  
  31  16:02  Mutalisk x2  
Show
View Real Time Build Order
Export as new Build Order

llllllllllll Protoss - Winner!

Build Orders:  

Get SALT Encoding   

  12  0:00  Probe (Chrono Boost)  
  13  0:11  Probe (Chrono Boost)  
  14  0:22  Pylon, Probe (Chrono Boost)  
  15  0:40  Probe (Chrono Boost)  
  16  0:50  Probe (Chrono Boost)  
  17  1:01  Probe (Chrono Boost)  
  18  1:06  Nexus  
  18  1:11  Probe (Chrono Boost)  
  18  1:17  Gateway  
  19  1:22  Probe (Chrono Boost)  
  20  1:28  Assimilator  
  20  1:32  Assimilator  
  20  1:42  Probe (Chrono Boost)  
  21  1:47  Gateway  
  21  1:53  Pylon  
  21  1:57  Probe (Chrono Boost)  
  22  2:08  Probe (Chrono Boost)  
  23  2:18  Probe (Chrono Boost)  
  23  2:22  Cybernetics Core  
  24  2:24  Probe (Chrono Boost)  
  24  2:29  Probe (Chrono Boost)  
  26  2:35  Pylon, Probe (Chrono Boost)  
  27  2:40  Probe (Chrono Boost)  
  28  2:45  Probe (Chrono Boost)  
  28  2:50  Probe (Chrono Boost)  
  30  2:56  Probe (Chrono Boost)  
  31  2:59  Adept x2  
  31  3:01  Warp Gate  
  31  3:04  Mothership Core (Chrono Boost)  
  37  3:09  Forge  
  37  3:12  Probe (Chrono Boost)  
  38  3:20  Assimilator  
  38  3:22  Probe x2 (Chrono Boost)  
  38  3:23  Assimilator  
  38  3:27  Adept  
  42  3:30  Adept  
  42  3:33  Probe (Chrono Boost)  
  45  3:35  Probe (Chrono Boost)  
  46  3:43  Pylon  
  46  3:44  Probe (Chrono Boost)  
  46  3:45  Probe (Chrono Boost)  
  48  3:55  Photon Cannon, Probe (Chrono Boost)  
  49  4:03  Adept x2  
  49  4:06  Probe (Chrono Boost)  
  49  4:09  Photon Cannon  
  54  4:12  Probe (Chrono Boost)  
  55  4:17  Probe (Chrono Boost)  
  55  4:23  Stargate, Probe (Chrono Boost)  
  57  4:33  Stargate  
  57  4:35  Stargate  
  57  4:37  Stargate  
  57  4:44  Pylon  
  56  4:48  Pylon  
  56  4:57  Probe (Chrono Boost)  
  57  5:01  Photon Cannon  
  57  5:02  Pylon  
  57  5:03  Pylon  
  57  5:07  Probe (Chrono Boost)  
  58  5:18  Probe (Chrono Boost)  
  58  5:19  Oracle x2  
  58  5:20  Oracle  
  68  5:55  Oracle  
  67  6:06  Oracle x2  
  65  6:21  Pylon  
  65  6:25  Pylon  
  65  6:28  Pylon  
  65  6:30  Photon Cannon  
  65  6:31  Oracle  
  68  6:40  Photon Cannon  
  68  6:42  Oracle x2  
  74  7:04  Photon Cannon  
  74  7:06  Photon Cannon, Oracle  
  77  7:09  Photon Cannon  
  77  7:10  Pylon  
  77  7:17  Oracle  
  77  7:18  Oracle  
  77  7:19  Pylon  
  83  7:42  Oracle  
  95  8:21  Void Ray x3  
  98  8:30  Zealot  
  102  8:46  Gateway  
  100  8:50  Pylon  
  100  8:57  Photon Cannon, Zealot  
  100  9:01  Photon Cannon  
  102  9:08  Void Ray x2  
  110  9:58  Photon Cannon  
  110  10:01  Photon Cannon  
  110  10:11  Pylon  
  110  10:13  Pylon  
  110  10:16  Pylon  
  110  10:19  Pylon  
  110  10:21  Pylon  
  110  10:23  Pylon  
  110  10:31  Void Ray x2  
  110  10:34  Void Ray  
  127  11:22  Phoenix x3  
  115  11:47  Phoenix x3  
  119  12:12  Phoenix x3  
  113  12:37  Phoenix x3  
  113  12:38  Zealot x2  
  113  12:42  Pylon  
  123  13:02  Phoenix x3  
  123  13:05  Zealot x2  
  130  13:32  Zealot  
  130  13:33  Zealot  
  131  13:48  Void Ray x2  
  131  13:49  Void Ray  
  117  14:31  Void Ray x3  
  129  15:14  Void Ray x3  
  125  15:57  Void Ray  
  121  16:17  Void Ray x2  
  129  16:39  Void Ray  
  133  16:59  Void Ray  
  137  17:09  Void Ray  
Tags
 
Add a new tag
Caveats
  • Supply blocks, unpowered buildings, or Contaminate may cause inaccurate times.
  • Supply counts are checked every 10 seconds.